 Dungeon Crawl Stone Soup version 0.23.0 (webtiles) character file.

Game seed: 7598064403603448121

56340 Lanoc the Blocker (level 14, -1/113 HPs)
             Began as a Gnoll Fighter on Feb 16, 2019.
             Was the Champion of Nemelex Xobeh.
             Slain by an ice devil (14 damage)
             ... on level 5 of the Lair of Beasts.
             The game lasted 01:14:30 (26694 turns).

Lanoc the Blocker (Gnoll Fighter)                  Turns: 26694, Time: 01:14:31

Health: -1/113     AC: 16    Str: 19    XL:     14   Next: 81%
Magic:  27/27      EV: 15    Int:  8    God:    Nemelex Xobeh [******]
Gold:   342        SH: 12    Dex: 11    Spells: 26/31 levels left

rFire    + . .     SeeInvis .   K - +6 dagger (speed)
rCold    . . .     Gourm    .   c - +0 shield
rNeg     + + .     Faith    .   e - +4 leather armour of Pujogusum {rF+ rCorr Stlth+}
rPois    +         Spirit   .   r - +4 helmet of Eziocesk {rPois MR+++ Str-2 Int-5}
rElec    +         Reflect  .   J - +0 cloak
rCorr    +         Harm     .   V - +1 pair of gloves {archery}
MR       +++++                  (no boots)
Stlth    ++++++....             (no amulet)
HPRegen  0.28/turn              Y - ring "Kene" {rPois rN++ MR+++ Dex-4 Stlth+}
MPRegen  0.20/turn              i - ring of resist corrosion

@: studying Transmutations
A: distributed training, fangs 1, deformed body, electricity resistance, strong
nose
a: Draw Escape, Draw Destruction, Draw Summoning, Draw Stack, Triple Draw, Deal
Four, Stack Five, Renounce Religion


You were on level 5 of the Lair of Beasts.
You worshipped Nemelex Xobeh.
Nemelex Xobeh was exalted by your worship.
You were not hungry.

You visited 4 branches of the dungeon, and saw 23 of its levels.
You visited the Abyss 1 time.
You also visited: Bailey and Gauntlet.

You collected 2096 gold pieces.
You spent 1754 gold pieces at shops.

Inventory:

Hand Weapons
 I - the +9 staff of Wucad Mu {channel}
   (You found it on level 3 of the Lair of Beasts)
 K - a +6 dagger of speed (weapon)
Missiles
 q - 341 arrows
 G - 101 bolts
 L - 154 sling bullets
 Q - 4 javelins of penetration
 Z - 19 steel javelins (quivered)
Armour
 b - a +1 crystal plate armour
 c - a +0 shield (worn)
 e - the +4 leather armour of Pujogusum (worn) {rF+ rCorr Stlth+}
   (You found it on level 3 of the Lair of Beasts)

   It protects you from fire.
   It provides partial protection from all sources of acid and corrosion.
   It makes you more stealthy.
 r - the +4 helmet of Eziocesk (worn) {rPois MR+++ Str-2 Int-5}
   (You acquired it on level 14 of the Dungeon)

   It affects your strength (-2).
   It affects your intelligence (-5).
   It protects you from poison.
   It affects your resistance to hostile enchantments.
 J - a +0 cloak (worn)
 V - a +1 pair of gloves of archery (worn)
Jewellery
 i - a ring of resist corrosion (right hand)
 Y - the ring "Kene" (left hand) {rPois rN++ MR+++ Dex-4 Stlth+}
   (You found it in a Gauntlet)

   [ring of poison resistance]

   It affects your dexterity (-4).
   It protects you from poison.
   It greatly protects you from negative energy.
   It affects your resistance to hostile enchantments.
   It makes you more stealthy.
Wands
 a - a wand of digging (11)
 s - a wand of scattershot (15)
 x - a wand of flame (40)
 D - a wand of iceblast (28)
 N - a wand of enslavement (2)
 W - a wand of acid (7)
 X - a wand of disintegration (32)
Scrolls
 g - 2 scrolls of magic mapping
 h - 6 scrolls of teleportation
 l - a scroll of fear {unknown}
 u - 9 scrolls of remove curse
 v - 4 scrolls of immolation
 y - 2 scrolls of fog
 B - 2 scrolls of blinking
 E - a scroll of vulnerability {unknown}
 O - a scroll of summoning
 P - 2 scrolls of amnesia
 U - 4 scrolls of enchant weapon
Potions
 d - 2 potions of might
 j - 3 potions of mutation
 k - 3 potions of haste
 m - 2 potions of brilliance
 n - 3 potions of lignification
 o - a potion of cancellation
 p - 8 potions of curing
 t - 3 potions of ambrosia
 w - 2 potions of resistance
 z - 2 potions of agility
 C - 5 potions of flight
 F - a potion of heal wounds
 H - 3 potions of berserk rage
 M - a potion of invisibility
 T - a potion of magic
Books
 A - a manual of Transmutations
Miscellaneous
 R - a phial of floods (inert)
 S - a lamp of fire
Comestibles
 f - 31 rations


   Skills:
 + Level 11.2 Fighting
 + Level 9.3 Short Blades
 + Level 10.4 Long Blades
 + Level 9.3 Axes
 + Level 9.3 Maces & Flails
 + Level 9.3 Polearms
 + Level 9.3 Staves
 + Level 9.3 Slings
 + Level 9.3 Bows
 + Level 9.3 Crossbows
 + Level 9.3 Throwing
 + Level 11.2 Armour
 + Level 9.3 Dodging
 + Level 9.3 Stealth
 + Level 11.2 Shields
 + Level 9.3 Unarmed Combat
 + Level 9.3 Spellcasting
 + Level 7.8 Conjurations
 + Level 7.8 Hexes
 + Level 7.8 Charms
 + Level 7.8 Summonings
 + Level 7.8 Necromancy
 + Level 7.8 Translocations
 + Level 9.3 Transmutations
 + Level 7.8 Fire Magic
 + Level 7.8 Ice Magic
 + Level 7.8 Air Magic
 + Level 7.8 Earth Magic
 + Level 7.8 Poison Magic
 + Level 10.2 Invocations
 + Level 9.3 Evocations


You had 26 spell levels left.
You knew the following spells:

 Your Spells              Type           Power        Failure   Level  Hunger
a - Ensorcelled Hibernat  Hex/Ice        ###...       1%          2    ##.....
b - Tukima's Dance        Hex            ###.....     3%          3    ###....

Your spell library contained the following spells:

 Spells                   Type           Power        Failure   Level  Hunger
 Corona                   Hex            ###....      1%          1    None
 Spider Form              Tmut/Pois      ###.......   2%          3    ###....
 Confuse                  Hex            ###.....     3%          3    ###....
 Dazzling Spray           Conj/Hex       ###...       3%          3    ###....
 Ignite Poison            Fire/Tmut/Pois ###.....     3%          3    ###....
 Mephitic Cloud           Conj/Pois/Air  ###.....     3%          3    ###....
 Olgreb's Toxic Radiance  Pois           ###.....     12%         4    ####...
 Venom Bolt               Conj/Pois      ###.......   34%         5    ######.


Dungeon Overview and Level Annotations

Branches:
Dungeon (14/15)            Temple (1/1) D:7            Lair (6/6) D:9
 Shoals (0/4) Lair:4       Spider (0/4) Lair:2          Orc (2/2) D:11
    Elf (0/3) Orc:2
  Slime: Lair:5-6    Vaults: D:13-14

Altars:
Ashenzari
Cheibriados
Dithmenos
Elyvilon
Fedhas
Gozag
Hepliaklqana
Kikubaaqudgha
Makhleb
Nemelex Xobeh
Okawaru
Qazlal
Ru
Sif Muna
Trog
Uskayaw
Vehumet
Wu Jian
Xom
Yredelemnul
Zin
The Shining One

Shops:
D:4 [   Orc:1 *   Orc:2 *[:}

Portals:
Ice
Cave: Lair:5


Innate Abilities, Weirdness & Mutations

Your experience applies equally to all skills.
You have very sharp teeth.
Your uncanny sense of smell can sniff out nearby items.
Armour fits poorly on your strangely shaped body.
You are resistant to electric shocks. (rElec)


Message History

* * * LOW HITPOINT WARNING * * *
You puncture the ice devil! Your bite misses the ice devil.
The ice devil is moderately wounded.
You draw a card...
You have drawn the Orb.
Press: ? - help, Shift-Dir - straight line, f - ice devil
Aim: an ice devil (moderately wounded)
The orb of energy hits the ice devil.
The ice devil is heavily wounded.
The ice devil hits you but does no damage.
You draw a card...
You have drawn Pain.
Press: ? - help, Shift-Dir - straight line, f/p - ice devil
Aim: an ice devil (heavily wounded)
The ice devil is unaffected.
You block the ice devil's attack.
You draw a card...
You have drawn Pain.
The ice devil hits you.
* * * LOW HITPOINT WARNING * * *
The ice devil freezes you!
You die...
Your body disappears without a glow.

*** *##### ****,*
######*....# *,,,>,
#..+.##....# ***,,,,,
#..#..@4..∩#***#.#.,,,,
#.)'W##....#*.#...#,,,,
##.###*....#*.....#.,,,
##..# *#####*.P.....,,,
#.#.##########....P.,,,,
##..#..#÷..$.P....#..,,,
#.............(....,,,,
#.##.##...#....##.#..,,
##,####..###?.###.#.!,,


You could see an ice devil and a friendly flayed ghost.

Vanquished Creatures
  A minotaur (Gauntlet)
  6 hydras
  3 two-headed ogres
  2 centaur warriors
  4 death yaks (Lair:2)
  A tengu warrior (D:13)
  4 orc high priests
  A sixfirhy (Gauntlet)
  An unseen horror (D:10)
  2 wolf spiders (Lair:2)
  A mana viper (D:9)
  A cyclops (D:12)
  2 ugly things
  2 orc sorcerers
  Maurice (D:11)
  A shining eye (Orc:1)
  2 moths of wrath
  A manticore (Lair:4)
  A centaur zombie (D:12)
  3 black mambas
  A torpor snail (Gauntlet)
  A gargoyle (D:11)
  2 centaur skeletons
  4 spiny frogs
  7 rime drakes
  4 komodo dragons
  A tengu conjurer (D:13)
  An ice devil (Lair:5)
  2 trolls (Orc:1)
  2 polar bears
  3 blink frogs (Lair:4)
  A harpy skeleton (D:14)
  A hornet (D:14)
  A raiju (Abyss:1)
  14 hippogriffs
  A redback (Lair:2)
  2 basilisks
  16 wyverns
  A fire bat (Orc:2)
  3 hogs (D:11)
  35 yaks
  2 humans
  2 wraiths
  A hungry ghost (D:12)
  A swamp worm (Orc:2)
  5 wargs
  An acid dragon (D:14)
  6 water moccasins
  A floating eye (Orc:2)
  11 porcupines
  Duvessa (D:7)
  A swamp drake (Gauntlet)
  A porcupine (shapeshifter) (Orc:2)
  17 orc warriors
  An ice beast (D:8)
  3 black bears
  A sky beast (D:5)
  An eye of draining (D:13)
  A necrophage (D:9)
  11 ogres
  A tengu (D:8)
  5 wolves (Lair:4)
  6 centaurs
  3 crocodiles
  Blork the orc (D:6)
  12 bullfrogs
  2 gnoll sergeants
  A wyvern skeleton (D:10)
  Dowan (D:7)
  2 scorpions (D:8)
  6 killer bees
  6 howler monkeys
  14 wights
  An electric eel (Lair:4)
  5 crimson imps
  4 lava snakes
  2 bullfrog zombies
  A quasit (D:6)
  26 orc priests
  6 hounds
  A bullfrog skeleton (D:4)
  An iron imp (D:4)
  Crazy Yiuf (D:6)
  2 iguanas
  Ijyb (D:5)
  A hell rat (Lair:3)
  26 orc wizards
  10 worker ants
  2 hound skeletons
  A worker ant zombie (D:10)
  15 adders
  16 gnolls
  5 shadow imps
  2 ufetubi (Gauntlet)
  5 oozes
  3 worms
  4 dart slugs
  4 leopard geckos
  66 orcs
  7 bats
  5 giant cockroaches
  5 goblins
  7 hobgoblins
  6 jackals
  18 kobolds
  4 quokkas
  3 ball pythons
  A ball python skeleton (D:3)
  3 frilled lizards
  A leopard gecko skeleton (D:4)
  11 rats
  4 plants
557 creatures vanquished.

Vanquished Creatures (collateral kills)
  A hydra (Lair:2)
  Harold (Lair:2)
  A catoblepas (Lair:2)
  A centaur warrior (D:10)
  Urug (Lair:2)
  An unseen horror (D:12)
  An orc knight (Orc:1)
  Psyche (D:11)
  A komodo dragon (Lair:2)
  A redback (Lair:2)
  A porcupine (Lair:2)
  4 orc warriors
  A wyvern zombie (D:12)
  An orc priest (Orc:2)
  4 hell rats (Lair:3)
  3 orc wizards
  An adder (D:11)
  An orc (D:10)
26 creatures vanquished.

Vanquished Creatures (others)
  A hungry ghost (D:9)
  A warg (D:9)
  4 orc warriors
  A howler monkey (Gauntlet)
  2 orc priests
  A hound (Gauntlet)
  An orc wizard (D:13)
  A ball lightning (Lair:3)
  3 orcs
  A goblin (Bailey)
  A quokka (D:9)
  A kobold (Bailey)
  6 demonic plants (Gauntlet)
  2 fungi (Lair:1)
  4 plants
30 creatures vanquished.

Grand Total: 613 creatures vanquished

Notes
Turn   | Place    | Note
-------+----------+-------------------------------------------
     0 | D:1      | Lanoc the Gnoll Fighter began the quest for the Orb.
     0 | D:1      | Reached XP level 1. HP: 23/23 MP: 1/1
   336 | D:1      | Reached XP level 2. HP: 29/29 MP: 2/2
   728 | D:2      | Reached XP level 3. HP: 29/35 MP: 3/3
   780 | D:2      | Found a sparkling altar of Nemelex Xobeh.
   822 | D:2      | Reached skill level 1 in Invocations
   972 | D:2      | Became a worshipper of Nemelex Xobeh the Trickster
   991 | D:2      | Received a gift from Nemelex Xobeh
   991 | D:2      | Found an opulent altar of Gozag.
  1175 | D:2      | Reached skill level 1 in Short Blades
  1175 | D:2      | Reached skill level 1 in Axes
  1175 | D:2      | Reached skill level 1 in Maces & Flails
  1175 | D:2      | Reached skill level 1 in Polearms
  1175 | D:2      | Reached skill level 1 in Staves
  1175 | D:2      | Reached skill level 1 in Slings
  1175 | D:2      | Reached skill level 1 in Bows
  1175 | D:2      | Reached skill level 1 in Crossbows
  1175 | D:2      | Reached skill level 1 in Throwing
  1175 | D:2      | Reached skill level 1 in Dodging
  1175 | D:2      | Reached skill level 1 in Stealth
  1175 | D:2      | Reached skill level 1 in Unarmed Combat
  1175 | D:2      | Reached skill level 1 in Spellcasting
  1175 | D:2      | Reached skill level 1 in Evocations
  1194 | D:2      | Found a glowing golden altar of the Shining One.
  1295 | D:2      | Reached XP level 4. HP: 40/41 MP: 5/5
  1679 | D:3      | Reached * piety under Nemelex Xobeh
  1691 | D:3      | Reached skill level 1 in Conjurations
  1691 | D:3      | Reached skill level 1 in Hexes
  1691 | D:3      | Reached skill level 1 in Charms
  1691 | D:3      | Reached skill level 1 in Summonings
  1691 | D:3      | Reached skill level 1 in Necromancy
  1691 | D:3      | Reached skill level 1 in Translocations
  1691 | D:3      | Reached skill level 1 in Transmutations
  1691 | D:3      | Reached skill level 1 in Fire Magic
  1691 | D:3      | Reached skill level 1 in Ice Magic
  1691 | D:3      | Reached skill level 1 in Air Magic
  1691 | D:3      | Reached skill level 1 in Earth Magic
  1691 | D:3      | Reached skill level 1 in Poison Magic
  1898 | D:3      | Received a gift from Nemelex Xobeh
  1981 | D:3      | Reached XP level 5. HP: 38/47 MP: 5/7
  2341 | D:3      | Received a gift from Nemelex Xobeh
  2466 | D:4      | Noticed an ogre
  2467 | D:4      | Found Estrighawk's Armour Shop.
  2470 | D:4      | Killed an ogre
  2470 | D:4      | Reached XP level 6. HP: 53/53 MP: 8/8
  2485 | D:4      | Reached ** piety under Nemelex Xobeh
  2486 | D:4      | Reached skill level 5 in Long Blades
  2687 | D:4      | Reached XP level 7. HP: 46/59 MP: 10/10
  2760 | D:4      | Found an opulent altar of Gozag.
  3085 | D:5      | Entered Level 5 of the Dungeon
  3087 | D:5      | Received a gift from Nemelex Xobeh
  3198 | D:5      | Noticed Ijyb
  3217 | D:5      | Killed Ijyb
  3247 | D:5      | Found a white marble altar of Elyvilon.
  3744 | D:5      | Received a gift from Nemelex Xobeh
  3960 | D:6      | Found a runed translucent door.
  3961 | D:6      | Noticed Crazy Yiuf
  3965 | D:6      | Killed Crazy Yiuf
  4017 | D:6      | Found a shadowy altar of Dithmenos.
  4022 | D:6      | Reached XP level 8. HP: 67/67 MP: 12/12
  4041 | D:6      | Reached *** piety under Nemelex Xobeh
  4136 | D:6      | Noticed Edmund
  4142 | D:6      | Noticed Edmund
  4142 | D:6      | Edmund changed into Edmund the iguana
  4145 | D:6      | Killed Edmund the iguana
  4350 | D:6      | Received a gift from Nemelex Xobeh
  4653 | D:6      | Noticed Blork the orc
  4666 | D:6      | Killed Blork the orc
  5106 | D:7      | Found an iron altar of Okawaru.
  5118 | D:7      | Noticed Duvessa
  5118 | D:7      | Noticed Dowan
  5127 | D:7      | Killed Dowan
  5130 | D:7      | Killed Duvessa
  5134 | D:7      | Found Qunun's Book Shop.
  5135 | D:7      | Received a gift from Nemelex Xobeh
  5228 | D:7      | Found a sacrificial altar of Ru.
  5315 | D:7      | Noticed Joseph
  5344 | D:7      | Noticed Joseph
  5344 | D:7      | Joseph changed into Joseph the naga
  5346 | D:7      | Noticed Joseph
  5346 | D:7      | Joseph the naga changed into Joseph the ooze
  5348 | D:7      | Killed Joseph the ooze
  5626 | D:7      | Found a staircase to the Ecumenical Temple.
  5691 | Temple   | Entered the Ecumenical Temple
  5891 | D:8      | Reached XP level 9. HP: 68/72 MP: 14/14
  6231 | D:8      | Noticed Pikel
  6247 | D:8      | Noticed Pikel
  6247 | D:8      | Pikel changed into Pikel the water moccasin
  6258 | D:8      | Killed Pikel the water moccasin
  6550 | D:8      | Reached **** piety under Nemelex Xobeh
  6550 | D:8      | Received a gift from Nemelex Xobeh
  7007 | D:9      | Learned a level 2 spell: Ensorcelled Hibernation
  7019 | D:9      | Noticed Erica
  7030 | D:9      | Noticed Erica
  7037 | D:9      | Killed Erica the moth of wrath
  7037 | D:9      | Reached skill level 5 in Invocations
  7056 | D:9      | Received a gift from Nemelex Xobeh
  7101 | D:9      | Found a flagged portal.
  7220 | Bailey   | Entered a bailey
  7383 | Bailey   | Reached XP level 10. HP: 74/80 MP: 17/17
  7535 | Bailey   | Got a bloodstained spear
  7536 | Bailey   | Identified the +6 spear "Ixzon" {protect, *Slow Str+4} (You
                  | found it in a bailey)
  7801 | D:9      | Noticed a two-headed ogre
  7819 | D:9      | Noticed a mana viper
  7819 | D:9      | a two-headed ogre changed into a mana viper
  7824 | D:9      | Killed a mana viper
  7824 | D:9      | Reached skill level 5 in Short Blades
  7824 | D:9      | Reached skill level 5 in Axes
  7824 | D:9      | Reached skill level 5 in Maces & Flails
  7824 | D:9      | Reached skill level 5 in Polearms
  7824 | D:9      | Reached skill level 5 in Staves
  7824 | D:9      | Reached skill level 5 in Slings
  7824 | D:9      | Reached skill level 5 in Bows
  7824 | D:9      | Reached skill level 5 in Crossbows
  7824 | D:9      | Reached skill level 5 in Throwing
  7824 | D:9      | Reached skill level 5 in Dodging
  7824 | D:9      | Reached skill level 5 in Stealth
  7824 | D:9      | Reached skill level 5 in Unarmed Combat
  7824 | D:9      | Reached skill level 5 in Spellcasting
  7824 | D:9      | Reached skill level 5 in Evocations
  7890 | D:9      | Noticed a purple ugly thing
  7895 | D:9      | Killed a purple ugly thing
  8244 | D:9      | Found a staircase to the Lair.
  8685 | D:9      | Found a bloodstained altar of Trog.
  8798 | D:10     | Entered Level 10 of the Dungeon
  8853 | D:10     | Found a white marble altar of Elyvilon.
  8975 | D:10     | Noticed a centaur warrior
  8986 | D:10     | Killed a centaur warrior
  9206 | D:10     | Received a gift from Nemelex Xobeh
  9348 | D:10     | Noticed a two-headed ogre
  9356 | D:10     | Killed a two-headed ogre
  9356 | D:10     | Reached XP level 11. HP: 80/87 MP: 19/19
  9512 | D:10     | Killed an unseen horror
  9721 | D:10     | Noticed a two-headed ogre
  9729 | D:10     | Killed a two-headed ogre
  9729 | D:10     | Reached skill level 5 in Conjurations
  9729 | D:10     | Reached skill level 5 in Hexes
  9729 | D:10     | Reached skill level 5 in Charms
  9729 | D:10     | Reached skill level 5 in Summonings
  9729 | D:10     | Reached skill level 5 in Necromancy
  9729 | D:10     | Reached skill level 5 in Translocations
  9729 | D:10     | Reached skill level 5 in Transmutations
  9729 | D:10     | Reached skill level 5 in Fire Magic
  9729 | D:10     | Reached skill level 5 in Ice Magic
  9729 | D:10     | Reached skill level 5 in Air Magic
  9729 | D:10     | Reached skill level 5 in Earth Magic
  9729 | D:10     | Reached skill level 5 in Poison Magic
 10005 | D:11     | Received a gift from Nemelex Xobeh
 10310 | D:11     | Noticed Psyche
 10320 | D:11     | Killed Psyche
 10392 | D:11     | Reached ***** piety under Nemelex Xobeh
 10444 | D:11     | Noticed Maurice
 10463 | D:11     | Killed Maurice
 10476 | D:11     | Learned a level 3 spell: Tukima's Dance
 10490 | D:11     | Found a staircase to the Orcish Mines.
 10833 | D:11     | You fall through a shaft!
 10861 | D:12     | Noticed a two-headed ogre
 10883 | D:12     | Killed a two-headed ogre
 11114 | D:12     | Noticed a cyclops
 11117 | D:12     | Received a gift from Nemelex Xobeh
 11139 | D:12     | Killed a cyclops
 11499 | D:12     | Noticed a centaur warrior
 11502 | D:12     | Killed a centaur warrior
 11502 | D:12     | Reached XP level 12. HP: 69/96 MP: 22/22
 12111 | D:12     | Received a gift from Nemelex Xobeh
 12344 | D:13     | Noticed a tengu warrior
 12351 | D:13     | Killed a tengu warrior
 12421 | D:13     | Found a gate leading to a gauntlet.
 12499 | Gauntlet | Entered a Gauntlet
 12499 | Gauntlet | Found a transporter.
 12499 | Gauntlet | Found a transporter.
 12505 | Gauntlet | Found a transporter.
 12505 | Gauntlet | Found a transporter.
 12515 | Gauntlet | Found a transporter.
 12522 | Gauntlet | Noticed a five-headed hydra
 12525 | Gauntlet | Found a transporter.
 12525 | Gauntlet | Found a transporter.
 12538 | Gauntlet | Received a gift from Nemelex Xobeh
 12547 | Gauntlet | Found a transporter.
 12554 | Gauntlet | Found a transporter.
 12566 | Gauntlet | Found a transporter.
 12600 | Gauntlet | Found a transporter.
 12634 | Gauntlet | Found a transporter.
 12648 | Gauntlet | Found a transporter.
 12733 | Gauntlet | Received a gift from Nemelex Xobeh
 12733 | Gauntlet | Found a transporter.
 12748 | Gauntlet | Found a transporter.
 12764 | Gauntlet | Found a transporter.
 12765 | Gauntlet | Noticed a catoblepas
 13040 | Gauntlet | Killed a five-headed hydra
 13078 | Gauntlet | Got a clouded lead ring
 13080 | Gauntlet | Got a polished leather armour
 13091 | Gauntlet | Identified the cursed +1 leather armour of Loss {Int+4}
                  | (You found it in a Gauntlet)
 13104 | Gauntlet | Identified the ring "Kene" {rPois rN++ MR+++ Dex-4 Stlth+}
                  | (You found it in a Gauntlet)
 13143 | Gauntlet | Noticed a minotaur
 13145 | Gauntlet | Killed a minotaur
 13573 | D:14     | Reached skill level 10 in Fighting
 13573 | D:14     | Reached skill level 10 in Armour
 13573 | D:14     | Reached skill level 10 in Shields
 13750 | D:14     | Noticed a centaur warrior
 13787 | D:14     | Killed a centaur warrior
 14147 | D:14     | Received a gift from Nemelex Xobeh
 14167 | D:14     | Identified a scroll of acquirement
 14186 | D:14     | Paralysed by a hornet for 3 turns
 14365 | D:14     | Got a scorched helmet
 14371 | D:14     | Identified the +4 helmet of Eziocesk {rPois MR+++ Str-2
                  | Int-5} (You acquired it on level 14 of the Dungeon)
 14636 | D:14     | Identified the Reference Book on Toxins
 14695 | D:14     | Cast into level 1 of the Abyss (drawing a card)
 14717 | Abyss:1  | Noticed a rakshasa
 14802 | D:14     | Escaped the Abyss
 15095 | Orc:1    | Entered Level 1 of the Orcish Mines
 15095 | Orc:1    | Received a gift from Nemelex Xobeh
 15131 | D:11     | Reached XP level 13. HP: 56/103 MP: 24/24
 15763 | Orc:2    | Entered Level 2 of the Orcish Mines
 15835 | Orc:2    | Noticed an ogre mage
 15842 | Orc:2    | an ogre mage changed into a shining eye
 15933 | Orc:1    | Gained mutation: Armour fits poorly on your strangely
                  | shaped body. [a shining eye]
 15936 | Orc:1    | Gained mutation: You are resistant to electric shocks.
                  | (rElec) [a shining eye]
 16269 | Orc:2    | Found a staircase to the Elven Halls.
 17471 | Orc:2    | Received a gift from Nemelex Xobeh
 18046 | Orc:2    | Found Paphapt's Assorted Antiques.
 18046 | Orc:2    | Found Lic Rimo's Book Shoppe.
 18047 | Orc:2    | Found Rimmuth's Gadget Shoppe.
 18050 | Orc:2    | Found Kaphoo Ewna's Antique Armour Emporium.
 18053 | Orc:2    | Bought a scroll labeled SOOMUYPSOET for 28 gold pieces
 18053 | Orc:2    | Bought a scroll labeled HOWIAR USOI for 28 gold pieces
 18053 | Orc:2    | Bought a scroll of magic mapping for 98 gold pieces
 18675 | Orc:1    | Found Wuil's Whimsical Warehouse.
 18975 | Orc:1    | Received a gift from Nemelex Xobeh
 19134 | Orc:2    | Bought a crystal plate armour for 1600 gold pieces
 19378 | Lair:1   | Entered Level 1 of the Lair of Beasts
 20667 | Lair:2   | Received a gift from Nemelex Xobeh
 20673 | Lair:2   | Reached ****** piety under Nemelex Xobeh
 21261 | Lair:2   | Noticed Urug
 21263 | Lair:2   | Noticed Harold
 21292 | Lair:2   | Killed Urug
 21300 | Lair:2   | Killed Harold
 21840 | Lair:2   | Received a gift from Nemelex Xobeh
 21940 | Lair:2   | Found a hole to the Spider Nest.
 21963 | Lair:2   | Reached XP level 14. HP: 69/111 MP: 26/26
 23324 | Lair:3   | Reached skill level 10 in Long Blades
 24357 | Lair:3   | Got an encrusted leather armour
 24368 | Lair:3   | Identified the +4 leather armour of Pujogusum {rF+ rCorr
                  | Stlth+} (You found it on level 3 of the Lair of Beasts)
 24900 | Lair:3   | Found the +9 staff of Wucad Mu {channel}
 25784 | Lair:4   | Found a staircase to the Shoals.
 26045 | Lair:4   | Reached skill level 10 in Invocations
 26117 | Lair:4   | Received a gift from Nemelex Xobeh
 26585 | Lair:5   | You fall through a shaft!
 26585 | Lair:6   | Entered Level 6 of the Lair of Beasts
 26671 | Lair:5   | Found a frozen archway.
 26694 | Lair:5   | Slain by an ice devil

Skill      XL: |  1  2  3  4  5  6  7  8  9 10 11 12 13 14 |
---------------+-------------------------------------------+-----
Invocations    | 1 2 3 4 5 6 7 8 9 10 | 10.2
Short Blades   | 1 2 3 4 5 6 7 8 9 |  9.3
Axes           | 1 2 3 4 5 6 7 8 9 |  9.3
Maces & Flails | 1 2 3 4 5 6 7 8 9 |  9.3
Polearms       | 1 2 3 4 5 6 7 8 9 |  9.3
Staves         | 1 2 3 4 5 6 7 8 9 |  9.3
Slings         | 1 2 3 4 5 6 7 8 9 |  9.3
Bows           | 1 2 3 4 5 6 7 8 9 |  9.3
Crossbows      | 1 2 3 4 5 6 7 8 9 |  9.3
Throwing       | 1 2 3 4 5 6 7 8 9 |  9.3
Dodging        | 1 2 3 4 5 6 7 8 9 |  9.3
Stealth        | 1 2 3 4 5 6 7 8 9 |  9.3
Unarmed Combat | 1 2 3 4 5 6 7 8 9 |  9.3
Spellcasting   | 1 2 3 4 5 6 7 8 9 |  9.3
Evocations     | 1 2 3 4 5 6 7 8 9 |  9.3
Conjurations   | 1 2 3 4 5 6 7 |  7.8
Hexes          | 1 2 3 4 5 6 7 |  7.8
Charms         | 1 2 3 4 5 6 7 |  7.8
Summonings     | 1 2 3 4 5 6 7 |  7.8
Necromancy     | 1 2 3 4 5 6 7 |  7.8
Translocations | 1 2 3 4 5 6 7 |  7.8
Transmutations | 1 2 3 4 5 6 8 9 |  9.3
Fire Magic     | 1 2 3 4 5 6 7 |  7.8
Ice Magic      | 1 2 3 4 5 6 7 |  7.8
Air Magic      | 1 2 3 4 5 6 7 |  7.8
Earth Magic    | 1 2 3 4 5 6 7 |  7.8
Poison Magic   | 1 2 3 4 5 6 7 |  7.8
Long Blades    | 5 6 7 8 9 10 | 10.4
Fighting       | 7 8 9 10 11 | 11.2
Armour         | 7 8 9 10 11 | 11.2
Shields        | 7 8 9 10 11 | 11.2

Action                   |  1- 3 |  4- 6 |  7- 9 | 10-12 | 13-15 || total
-------------------------+-------+-------+-------+-------+-------++-------
Melee: Long sword        |   113 |   161 |   118 |       |       ||   392
       Bite              |    17 |    12 |    69 |    89 |   262 ||   449
       Quarterstaff      |       |       |    88 |       |       ||    88
       Dagger            |       |       |   303 |   715 |  1859 ||  2877
       Staff             |       |       |       |       |    37 ||    37
Throw: Tomahawk          |       |       |    36 |    13 |       ||    49
       Javelin           |       |       |       |       |    32 ||    32
 Cast: Ensorcelled Hiber |       |       |       |       |     1 ||     1
Invok: Stack Five        |       |       |       |       |     1 ||     1
 Abil: Draw Destruction  |       |     7 |    19 |    34 |    23 ||    83
       Draw Summoning    |       |       |       |     8 |     9 ||    17
       Draw Escape       |       |       |       |     5 |     3 ||     8
Evoke: Wand              |       |       |     8 |    50 |    46 ||   104
       Lamp of fire      |       |       |       |     2 |     1 ||     3
       Phial of floods   |       |       |       |       |     2 ||     2
  Use: Scroll            |       |       |    10 |    19 |    11 ||    40
       Potion            |       |       |     1 |       |     1 ||     2
 Stab: Sleeping          |       |       |       |     4 |     5 ||     9
       Confused          |       |       |       |     2 |     1 ||     3
       Distracted        |       |       |       |     1 |     2 ||     3
       Petrifying        |       |       |       |       |     1 ||     1
       Petrified         |       |       |       |       |     1 ||     1
  Eat: Chunk             |     1 |     5 |    15 |    22 |    35 ||    78
       Ration            |       |       |       |     1 |     1 ||     2
Armor: Scale mail        |    53 |    70 |   128 |   166 |   107 ||   524
       Crystal plate arm |       |       |       |       |   320 ||   320
       Leather armour    |       |       |       |       |    62 ||    62
Dodge: Dodged            |    35 |    55 |   154 |   131 |   303 ||   678
Block: Shield            |    59 |   104 |   204 |   251 |   640 ||  1258
       Rpst.: Long sword |    14 |    17 |    13 |       |       ||    44
